 Dungeon Crawl Stone Soup version 0.30-a0-170-g85af917532 (webtiles) character file.

Game seed: 8223771832265059035

86 Zonian the Sneak (level 4, -9/23 HPs)
             Began as a Vine Stalker Brigand on Sept 30, 2022.
             Mangled by a gnoll
             ... wielding a +0 halberd
              (15 damage)
             ... on level 3 of the Dungeon.
             The game lasted 00:03:00 (1891 turns).

Zonian the Sneak (Vine Stalker Brigand)             Turns: 1891, Time: 00:03:00

Health: -9/23      AC:  3    Str: 20    XL:     4   Next: 49%
Magic:  0/5        EV: 12    Int: 11    God:
Gold:   58         SH:  0    Dex: 17    Spells: 3/3 levels left

rFire   . . .      SeeInvis .    a - +2 dagger
rCold   . . .      Faith    .    (no shield)
rNeg    . . .      Spirit   +    b - +0 robe
rPois   +          Reflect  .    (no helmet)
rElec   .          Harm     .    c - +0 cloak
rCorr   .          Rampage  .    (no gloves)
Will    .....                    (no boots)
Stlth   +++.......               (no amulet)
HPRegen 0.87/turn                j - ring of poison resistance
MPRegen 0.09/turn                k - +6 ring of strength

@: no status effects
A: fangs 2, regeneration 1, magic shield, antimagic bite, no potion heal 2
a: no special abilities


You were on level 3 of the Dungeon.
You visited 1 branch of the dungeon, and saw 3 of its levels.

You collected 58 gold pieces.

Inventory:

Hand Weapons
 a - a +2 dagger (weapon)
 g - a +0 sling
Missiles
 e - a curare-tipped dart
 h - a poisoned dart (quivered)
Armour
 b - a +0 robe (worn)
 c - a +0 cloak (worn)
Jewellery
 j - a ring of poison resistance (left hand)
 k - a +6 ring of strength (right hand)
 n - a ring of resist corrosion
Scrolls
 d - a scroll of teleportation {unknown}
 f - a scroll of noise {unknown}
 l - a scroll of blinking {unknown}
 o - a scroll of brand weapon {unknown}
 p - a scroll of poison {unknown}
Potions
 i - a potion of heal wounds {unknown}
 m - 2 potions of cancellation {unknown}
 q - 2 potions of brilliance {unknown}
 r - a potion of curing {unknown}
 s - 2 potions of haste {unknown}
 t - a potion of lignification {unknown}
 u - a potion of attraction {unknown}


   Skills:
 + Level 2.3 Fighting
 + Level 2.3 Short Blades
 + Level 2.4 Throwing
 + Level 1.6 Dodging
 + Level 5.4 Stealth


You had 3 spell levels left.
You didn't know any spells.
Your spell library contained the following spells:

 Spells                   Type           Power      Damage    Failure   Level
 Sublimation of Blood     Necr           0%         N/A       47%         2
 Wereblood                Tmut           0%         N/A       47%         2
 Portal Projectile        Hex/Tloc       0%         N/A       71%         3
 Summon Guardian Golem    Hex/Summ       0%         N/A       71%         3
 Tukima's Dance           Hex            0%         N/A       71%         3
 Blade Hands              Tmut           0%         N/A       100%        5
 Orb of Destruction       Conj           0%         9d5       100%        7
 Spellforged Servitor     Conj/Summ      0%         N/A       100%        7
 Summon Hydra             Summ           0%         N/A       100%        7


Dungeon Overview and Level Annotations

Branches:
Dungeon (3/15)

Altars:

Annotations:
D:1 1 transporter


Innate Abilities, Weirdness & Mutations

You have extremely sharp teeth.
Your natural rate of healing is unusually fast.
When hurt, damage is shared between your health and your magic reserves.
Your bite disrupts and absorbs the magic of your enemies.
Potions cannot restore your health.


Message History

The poisoned dart closely misses the gnoll.
The gnoll hits you with a +0 whip.
The gnoll hits you from afar with a +0 halberd.
You throw a poisoned dart. The poisoned dart hits the gnoll!
The gnoll looks even sicker.
The gnoll is moderately wounded.
The gnoll hits you with a +0 whip. The gnoll barely misses you.
You throw a poisoned dart. The poisoned dart hits the gnoll.
The gnoll looks as sick as possible!
The gnoll is moderately wounded.
You throw a poisoned dart. The poisoned dart hits the gnoll.
The gnoll is severely wounded.
The gnoll misses you.
The gnoll hits you from afar with a +0 halberd!
* * * LOW HITPOINT WARNING * * *
You are too injured to fight recklessly!
Unknown command.
You hit the gnoll.
You kill the gnoll!
The gnoll barely misses you.
Unknown command.
You aren't carrying any items that you can evoke.
Unknown command.
Throw: 3 darts (curare)
Press: ? - help, Shift-Dir - straight line, f - gnoll
Aim: a gnoll, wielding a +0 halberd (65% to hit)
You throw a curare-tipped dart.
The curare-tipped dart closely misses the gnoll.
The gnoll hits you from afar with a +0 halberd.
* * * LOW HITPOINT WARNING * * *
Throw: 2 darts (curare)
Press: ? - help, Shift-Dir - straight line, f/p - gnoll
Aim: a gnoll, wielding a +0 halberd (65% to hit)
You throw a curare-tipped dart. The curare-tipped dart hits the gnoll.
The gnoll is poisoned.
The gnoll convulses.
The gnoll seems to slow down.
The gnoll is heavily wounded.
The gnoll hits you from afar with a +0 halberd!
Ouch! That really hurt!
You die...

..............#
.......(....#### #.
...............######..
..........##...........
..##......###........#
####.#.# #........#
#g#.###........#.
#)#..............
#@##..#........##
#####.##...........#
#..........#.........
#..........#.........
#..........#.......#.
#........#########.#
##.†.....#... ##
#........#.≈≈≈
#.####...#≈..≈


You could see a gnoll (very poisoned, slow).

Vanquished Creatures
  Terence (D:2)
  A gnoll (D:3)
  An adder (D:2)
  A worm (D:2)
  A dart slug (D:1)
  6 ball pythons
  2 endoplasms
  2 giant cockroaches (D:1)
  2 goblins
  4 hobgoblins (D:1)
  A quokka (D:2)
  8 bats
  2 frilled lizards (D:1)
  6 rats
38 creatures vanquished.

Notes
Turn   | Place    | Note
-------+----------+-------------------------------------------
     0 | D:1      | Zonian the Vine Stalker Brigand began the quest for the
                  | Orb.
     0 | D:1      | Reached XP level 1. HP: 11/11 MP: 2/2
    90 | D:1      | Reached skill level 1 in Dodging
    90 | D:1      | Reached XP level 2. HP: 15/15 MP: 3/3
   128 | D:1      | Reached skill level 5 in Stealth
   430 | D:1      | Reached XP level 3. HP: 16/18 MP: 4/4
  1154 | D:2      | Noticed Terence
  1161 | D:2      | Killed Terence
  1162 | D:2      | Gained mutation: Your natural rate of healing is unusually
                  | fast. [Vine Stalker growth]
  1162 | D:2      | Reached XP level 4. HP: 18/23 MP: 5/5
  1343 | D:2      | Found a faded altar of an unknown god.
  1891 | D:3      | Mangled by a gnoll

Illustrated notes

Levels and vault maps discovered:
D:1:      spicycebolla_arrival_risky_transporter, layout_rooms
D:2:      layout_basic, shapermc_ecumenical_altar_mp_ritualfount, uniq_terence
D:3:      layout_rooms, mainiacjoe_overflow_paths, gup_sewer_entry_spiral

Skill      XL: |  1  2 |
---------------+-------+-----
Dodging        | 1 |  1.6
Stealth        | 5 |  5.4
Fighting       | 2 |  2.3
Short Blades   | 2 |  2.3
Throwing       | 2 |  2.4

Action                   |  1- 3 |  4- 6 || total
-------------------------+-------+-------++-------
Melee: Dagger            |    61 |    13 ||    74
       Bite              |    11 |     1 ||    12
Throw: Dart              |    23 |     9 ||    32
 Stab: Sleeping          |     6 |     4 ||    10
Armor: Robe              |    30 |     1 ||    31
Dodge: Dodged            |    34 |     7 ||    41

Table legend: (Time is in decaauts)
 A = Elapsed time spent in this place.
 B = Non-inter-level travel time spent in this place.
 C = Inter-level travel time spent in this place.
 D = Time resting spent in this place.
 E = Time spent auto-exploring this place.
 F = Levels seen in this place.
 G = Mean time per level.
                   A        B        C        D        E       F      G
               +--------+--------+--------+--------+--------+-----+--------+
         Total |   1879 |   1839 |     40 |    336 |   1121 |   3 |  626.3 |
       Dungeon |   1879 |   1839 |     40 |    336 |   1121 |   3 |  626.3 |
               +--------+--------+--------+--------+--------+-----+--------+

Top non-repeatable levels by time:
     D:2: 1157 daAuts
     D:1: 655 daAuts
     D:3: 67 daAuts
